 Dungeon Crawl Stone Soup version 0.26-a0-393-g67388ea477 (webtiles) character file.

Game seed: 5795695426666414550

19 Avarice the Firebug (level 2, -1/18 HPs)
             Began as an Octopode Fire Elementalist on July 22, 2020.
             Slain by a hobgoblin
             ... wielding a +0 club
              (3 damage)
             ... on level 2 of the Dungeon.
             The game lasted 00:03:01 (1078 turns).

Avarice the Firebug (Octopode Fire Elementalist)    Turns: 1078, Time: 00:03:02

Health: -1/18      AC:  1    Str:  7    XL:     2   Next: 75%
Magic:  1/5        EV: 13    Int: 17    God:
Gold:   49         SH:  0    Dex: 12    Spells: 4/5 levels left

rFire    . . .     SeeInvis .   a - +0 dagger
rCold    . . .     Faith    .   (no shield)
rNeg     . . .     Spirit   .   (helmet restricted)
rPois    .         Reflect  .   (no amulet)
rElec    .         Harm     .   (no ring)
rCorr    .                      (no ring)
MR       .....                  (no ring)
Stlth    +++.......             (no ring)
HPRegen  0.06/turn              (no ring)
MPRegen  0.09/turn              (no ring)
                                (no ring)
                                (no ring)

@: no status effects
A: almost no armour, stealthy swim, amphibious, 8 rings, constrict 8, camouflage
1, gelatinous body 1
a: no special abilities


You were on level 2 of the Dungeon.
You visited 1 branch of the dungeon, and saw 2 of its levels.

You collected 49 gold pieces.

Inventory:

Hand Weapons
 a - a +0 dagger (weapon)
Missiles
 d - 8 poisoned darts (quivered)
Scrolls
 e - a scroll of enchant armour {unknown}
 f - a scroll of teleportation {unknown}
 h - a scroll of identify {unknown}
Potions
 b - a potion of lignification {unknown}
 c - 2 potions of ambrosia {unknown}
 g - a potion of invisibility {unknown}


   Skills:
 + Level 0.7 Fighting
 + Level 2.2 Dodging
 - Level 2.6 Stealth
 + Level 2.2 Spellcasting
 + Level 1.4 Conjurations
 + Level 3.2 Fire Magic


You had 4 spell levels left.
You knew the following spells:

 Your Spells              Type           Power        Failure   Level
a - Foxfire               Conj/Fire      #...         8%          1

Your spell library contained the following spells:

 Spells                   Type           Power        Failure   Level
 Conjure Flame            Conj/Fire      #.......     22%         3
 Inner Flame              Hex/Fire       #.......     30%         3
 Sticky Flame             Conj/Fire      #.......     58%         4
 Fireball                 Conj/Fire      #.........   90%         5


Dungeon Overview and Level Annotations

Branches:
Dungeon (2/15)

Altars:


Innate Abilities, Weirdness & Mutations

You cannot wear most types of armour.
You are very stealthy in the water. (Stealth+)
You are amphibious.
You can wear up to eight rings at the same time.
You can use your tentacles to constrict eight enemies at once.
Your skin changes colour to match your surroundings (Stealth+).
Your rubbery body absorbs attacks. (AC +1, EV +1)


Message History

Nothing appears to happen.
The foxfire hits the hobgoblin but does no damage.
The hobgoblin is heavily wounded.
The foxfire hits the hobgoblin.
The hobgoblin is severely wounded.
The kobold hits you.
There is a stone staircase leading up, spattered with blood here.
The hobgoblin hits you with a +0 club.
Casting: Foxfire (safe; 8% risk of failure)
Confirm with . or Enter, or press ? or * to list all spells.
You conjure some foxfire!
The hobgoblin barely misses you. The kobold hits you.
* * * LOW HITPOINT WARNING * * *
Unknown command.
Your foxfire dissipates!
The foxfire hits the kobold but does no damage.
The kobold is severely wounded.
You hit the hobgoblin but do no damage. Your grab misses the hobgoblin.
The hobgoblin is heavily wounded.
The hobgoblin hits you with a +0 club.
You die...

###### #§gbS#
#@#..#
........#S.#
#####...#....
#........#
#+#......#
........
.......#.
..........


You could see a hobgoblin, a bat and a ball python.

Vanquished Creatures
  2 leopard geckos (D:1)
  2 giant cockroaches (D:1)
  A goblin (D:1)
  2 hobgoblins (D:1)
  4 kobolds (D:1)
  2 bats (D:1)
  2 rats (D:1)
15 creatures vanquished.

Vanquished Creatures (others)
  14 foxfires
14 creatures vanquished.

Grand Total: 29 creatures vanquished

Notes
Turn   | Place    | Note
-------+----------+-------------------------------------------
     0 | D:1      | Avarice the Octopode Fire Elementalist began the quest for
                  | the Orb.
     0 | D:1      | Reached XP level 1. HP: 11/11 MP: 3/3
   578 | D:1      | Reached XP level 2. HP: 18/18 MP: 3/5
  1078 | D:2      | Slain by a hobgoblin

Illustrated notes

Levels and vault maps discovered:
D:1:      minmay_arrival_solitary_statue, layout_basic
D:2:      layout_basic

Action                   || total
-------------------------++-------
Melee: Unarmed           ||     8
       Dagger            ||    21
       Constrict         ||     7
       Tentacles         ||     6
 Cast: Foxfire           ||    17
 Stab: Sleeping          ||     4
Armor: Skin              ||     6
Dodge: Dodged            ||    27

Table legend: (Time is in decaauts)
 A = Elapsed time spent in this place.
 B = Non-inter-level travel time spent in this place.
 C = Inter-level travel time spent in this place.
 D = Time resting spent in this place.
 E = Time spent auto-exploring this place.
 F = Levels seen in this place.
 G = Mean time per level.
                   A        B        C        D        E       F      G
               +--------+--------+--------+--------+--------+-----+--------+
         Total |   1077 |   1061 |     16 |    366 |    488 |   2 |  538.5 |
       Dungeon |   1077 |   1061 |     16 |    366 |    488 |   2 |  538.5 |
               +--------+--------+--------+--------+--------+-----+--------+

Top non-repeatable levels by time:
     D:1: 1066 daAuts
     D:2: 10 daAuts
